AoeStats
← TheQuietRiot

Arena

504997084Analyzed
1v1 RM · 25d ago on Sep 7, 2026· 35m 19s· 2 players
Game mode
Random Map
Map size
Tiny (2 player)
Population
200
Speed
Normal
Resources
Standard
Victory
Conquest
Starting age
Dark Age
Ending age
Imperial Age
RankedLock teamsTeams togetherTeam positionsShared explorationLock speedFull tech treeHidden civsTurbo modeCheats
Victory
Defeat
🇬🇧 Britons · United Kingdom
928
+17
🇫🇷 Mongols · France
940
-34
TheQuietRiot
10:00 Feudal Age
8:59 Loom
10:46 Double-Bit Axe
10:43 Horse Collar
10:57 Stone Mining
14:25 Gold Mining
18:56 Castle Age
18:29 Fletching
20:10 Heavy Plow
21:43 Wheelbarrow
22:09 Bodkin Arrow
23:07 Bow Saw
27:14 Hand Cart
27:28 Padded Archer Armor
28:18 Town Watch
29:59 Leather Archer Armor
30:10 Ballistics
29:51 Pikeman
30:32 Squires
30:45 Forging
30:36 Scale Mail Armor
31:43 Gold Shaft Mining
31:39 Town Patrol
33:09 Arson
33:09 Gambesons
34:01 Iron Casting
38:10 Imperial Age
Franz
7:32 Loom
9:59 Feudal Age
14:06 Double-Bit Axe
14:46 Horse Collar
18:06 Wheelbarrow
19:38 Castle Age
18:18 Bloodlines
18:10 Fletching
18:59 Padded Archer Armor
19:22 Gold Mining
20:33 Bow Saw
20:55 Heavy Plow
21:28 Leather Archer Armor
21:52 Wheelbarrow
21:57 Gold Shaft Mining
22:03 Husbandry
22:32 Bodkin Arrow
23:27 Stone Mining
29:58 Thumb Ring
31:20 Hand Cart
30:56 Town Watch
35:57 Imperial Age
33:59 Fortified Wall
Connection lost

Rejoining the realm…

Still unreachable

The connection could not be restored.

Session expired

The server has moved on; the page needs a fresh start.